[Event "Early-Titled-Tuesday-Blitz-October-17-2023"]
[Site "Chess.com"]
[Date "2023.10.17"]
[Round "2"]
[White "AndresDelgado77"]
[Black "HajiyevKanan"]
[Result "0-1"]
[WhiteElo "2325"]
[BlackElo "2531"]
[TimeControl "180+1"]
[EndTime "8:18:07 PDT"]
[Termination "HajiyevKanan won on time"]

1. e4 c6 2. d4 d5 3. Nc3 a6 4.
Bf4 Qa5 5. Qf3 Nf6 6. e5 Ne4 7.
Ne2 Bf5 8. a3 e6 9. Bd2 Nxd2 10.
Kxd2 c5 11. dxc5 Bxc5 12. b4 Bxb4 13. axb4 Qxa1 14. Nd4 O-O 15. Nxf5 exf5 16. Qxf5 g6 17. Qf6 Nc6 18. Nxd5 Qxe5 19. Qxe5 Nxe5 20. c4 Rfd8 21. Kc3 b5 22. Nb6 Rab8 23. c5 Rd1 24. g3 Rc1+ 25. Kb2 Nd3+ 0-1

[Event "Early-Titled-Tuesday-Blitz-October-17-2023"]
[Site "Chess.com"]
[Date "2023.10.17"]
[Round "2"]
[White "SchmakAttack"]
[Black "DanyKopy"]
[Result "1-0"]
[WhiteElo "2727"]
[BlackElo "2536"]
[TimeControl "180+1"]
[EndTime "8:18:09 PDT"]
[Termination "SchmakAttack won by resignation"]

1. d4 d5 2. Bg5 Nf6 3. Nd2 e6 4. e4 dxe4 5. Nxe4 Nbd7 6. Nf3 h6 7. Bxf6 Nxf6 8. Bd3 Be7 9. Qe2 Nd5 10. g3 b6 11.
O-O-O Bb7 12. Ne5 O-O 13. c3 a5 14. h4 a4 15. a3 Qc8 16. Kb1 c5 17. dxc5 bxc5 18. Bc2 Rb8 19. Ka1 Ba6 20. Bd3 Bxd3 21. Nxd3 c4 22. Nb4 Bxb4 23. cxb4 c3 24. Rc1 cxb2+ 25.
Qxb2 Qb7 26. Rhd1 Rfc8 27. Rxc8+ Rxc8 28. Nd6 Qc7 29. Nxc8 Qxc8 30. Rc1 Qb7 31. Qc2 Qb6 32. Qc5 1-0

[Event "Early-Titled-Tuesday-Blitz-October-17-2023"]
[Site "Chess.com"]
[Date "2023.10.17"]
[Round "2"]
[White "Shuvalov"]
[Black "cycygogne"]
[Result "1-0"]
[WhiteElo "2506"]
[BlackElo "2267"]
[TimeControl "180+1"]
[EndTime "8:18:10 PDT"]
[Termination "Shuvalov won by checkmate"]

1. d4 Nf6 2. c4 c5 3. Nf3 cxd4 4.
Nxd4 e5 5. Nb5 d5 6. cxd5 Bc5 7. N5c3 O-O 8. g3 Qb6 9. e3 Bg4 10. Be2 Bxe2 11. Nxe2 e4 12. Nbc3 Nbd7 13. O-O Ne5 14. Kg2 Rad8 15. Qc2 Nd3 16. Nxe4 Nxe4 17. Qxd3 Rfe8 18.
Nc3 Ng5 19. e4 h6 20. Bxg5 hxg5 21. Na4 Qd6 22. Nxc5 Qxc5 23. h3 Qb4 24. Rfe1 Qxb2 25. Rab1 Qxa2 26. Rxb7 Qa5 27. Qf3 f6 28. Rc1 Qd2 29.
Rcc7 Qd4 30. Rxg7+ Kf8 31. Rbf7# 1-0

[Event "Early-Titled-Tuesday-Blitz-October-17-2023"]
[Site "Chess.com"]
[Date "2023.10.17"]
[Round "2"]
[White "mishanick"]
[Black "RandomNoob04"]
[Result "1-0"]
[WhiteElo "3015"]
[BlackElo "2619"]
[TimeControl "180+1"]
[EndTime "8:18:12 PDT"]
[Termination "mishanick won by resignation"]

1. d4 Nf6 2. c4 c5 3. d5 b5 4.
cxb5 a6 5. e3 axb5 6. Bxb5 Qa5+ 7. Nc3 Bb7 8. Bc4 e6 9. Bd2 Qb6 10. e4 Nxe4 11. Nge2 Nf6 12. Bg5 Qb4 13. Qd3 Nxd5 14.
O-O Nb6 15. b3 Nc6 16. a3 Qa5 17. Qg3 Nxc4 18. bxc4 Nd4 19. Nxd4 cxd4 20. Nb5 Rc8 21. Rad1 Bc5 22. Bd2 Qa4 23. Qxg7 Rf8 24. Bb4 Bxb4 25. axb4 Qxb4 26. Qxd4 d5 27. Qb6 Bc6 28. Nc7+ 1-0

[Event "Early-Titled-Tuesday-Blitz-October-17-2023"]
[Site "Chess.com"]
[Date "2023.10.17"]
[Round "2"]
[White "Logman74"]
[Black "Alenzer"]
[Result "1-0"]
[WhiteElo "2433"]
[BlackElo "2112"]
[TimeControl "180+1"]
[EndTime "8:18:13 PDT"]
[Termination "Logman74 won on time"]

1. e4 c5 2. Nf3 e6 3. d4 cxd4 4. Nxd4 Nf6 5. Bd3 Nc6 6. Nxc6 dxc6 7. O-O e5 8. Nc3 Be7 9. h3 O-O 10. Be3 Be6 11. a3 Qc7 12. Qf3 Rad8 13. Rae1 b5 14. Ne2 Rfe8 15. Ng3 a6 16. Nf5 Bf8 17. Bg5 Bxf5 18.
Bxf6 Bg6 19. Bxd8 Rxd8 20. Rd1 c5 21. Qe3 c4 22. Be2 Re8 23. Bg4 Bc5 24. Qf3 f6 25. Rd7 Qc6 26. Rfd1 Bxe4 27. Qg3 Bg6 28. Bf5 Re7 29.
Rxe7 Bxe7 30. Bxg6 hxg6 31. Qxg6 Bf8 32. Qf5 1-0

[Event "Early-Titled-Tuesday-Blitz-October-17-2023"]
[Site "Chess.com"]
[Date "2023.10.17"]
[Round "2"]
[White "Iball95"]
[Black "chess_blitz00"]
[Result "1-0"]
[WhiteElo "2816"]
[BlackElo "2567"]
[TimeControl "180+1"]
[EndTime "8:18:15 PDT"]
[Termination "Iball95 won by resignation"]

1. e4 d6 2. d4 Nf6 3. Nc3 e5 4. dxe5 dxe5 5. Qxd8+ Kxd8 6. Bg5 Be6 7. g3 h6 8. Bxf6+ gxf6 9. O-O-O+ Kc8 10. f4 Bg4 11. Be2 Bxe2 12. Ngxe2 c6 13. Rhf1 Rh7 14. g4 Nd7 15.
Ng3 Kc7 16. Nh5 Bc5 17. Rxd7+ Kxd7 18. Nxf6+ Ke7 19. Nxh7 Be3+ 20. Kd1 Bxf4 21. Ne2 Rh8 22. Nxf4 exf4 23. Rxf4 Rxh7 24. Ke2 Ke6 25. Rf5 Rg7 26. h3 Rg5 27. Ke3 f6 28. Kf4 b6 29. c3 a5 30. a4 Rg6 31. Rh5 Kf7 32. h4 Ke6 33. b4 axb4 34. cxb4 c5 35. bxc5 bxc5 36. Rxc5 Rg8 37.
Rh5 Ra8 38. Rxh6 Rxa4 39. g5 1-0

[Event "Early-Titled-Tuesday-Blitz-October-17-2023"]
[Site "Chess.com"]
[Date "2023.10.17"]
[Round "2"]
[White "kleinebeer98"]
[Black "KorolDimitriy75"]
[Result "1/2-1/2"]
[WhiteElo "2850"]
[BlackElo "2410"]
[TimeControl "180+1"]
[EndTime "8:18:18 PDT"]
[Termination "Game drawn - insufficient material"]

1. e4 c5 2. Nf3 d6 3. d4 cxd4 4. Nxd4 Nf6 5. Nc3 g6 6. a3 Bg7 7. Nf3 O-O 8. h3 Nc6 9. Bc4 a6 10. O-O b5 11. Bb3 Bb7 12. Bg5 Na5 13. Qe2 Nxb3 14.
cxb3 Rc8 15. Rad1 Qb6 16. Nd5 Nxd5 17. exd5 Rfe8 18. Rfe1 Qc5 19. b4 Qc7 20. Rc1 Qd7 21.
Rxc8 Qxc8 22. Qd2 Qf5 23. Bxe7 Qxd5 24. Qc1 h6 25. Qc7 Bxb2 26. Re3 Bg7 27. Kh2 Qc6 28. Bxd6 Rxe3 29. fxe3 Qxc7 30. Bxc7 Bxf3 31. gxf3 Bb2 32.
Kg3 Bxa3 33. Ba5 Bb2 34. Kf4 f5 35. e4 fxe4 36. Kxe4 Kf7 37. Kd5 Kf6 38. Kc6 Kf5 39. Bc7 Bc3 40. Bd6 a5 41. bxa5 Bxa5 42. Kxb5 Bc3 43. Kc4 Be5 44. Bf8 Kf4 45. Bxh6+ Kxf3 46. Kd5 Bf4 47. Bxf4 Kxf4 48. Ke6 Kg3 49. Kf6 Kxh3 50.
Kxg6 1/2-1/2

[Event "Early-Titled-Tuesday-Blitz-October-17-2023"]
[Site "Chess.com"]
[Date "2023.10.17"]
[Round "2"]
[White "GradualismUnleashed"]
[Black "jcibarra"]
[Result "1-0"]
[WhiteElo "2624"]
[BlackElo "2890"]
[TimeControl "180+1"]
[EndTime "8:18:20 PDT"]
[Termination "GradualismUnleashed won by resignation"]

1. e4 c5 2. Nf3 Nc6 3. Nc3 e6 4.
d4 cxd4 5. Nxd4 Nf6 6. a3 Be7 7. Nxc6 bxc6 8. e5 Nd5 9. Ne4 Qc7 10. f4 f5 11. Nd6+ Bxd6 12. exd6 Qb6 13. c4 Nf6 14. b4 c5 15. Be3 Ne4 16. Bd3 Qxd6 17. Bxe4 Qxd1+ 18. Rxd1 fxe4 19. Bxc5 Bb7 20. Bd6 Rc8 21.
c5 Ba6 22. Kf2 Bd3 23. Ke3 Kf7 24. g4 h5 25. g5 Kg6 26. Rd2 h4 27. Rb2 Bb5 28.
a4 Bxa4 29. Ra1 Bb5 30. Rxa7 Ra8 31. Rba2 Rxa7 32. Rxa7 Kf5 33. Ra5 Bc6 34. b5 Bd5 35. c6 dxc6 36. b6 c5 37. Rxc5 Kg4 38.
Rxd5 exd5 39. b7 Kh3 40. f5 Kg4 41. f6 gxf6 42. gxf6 Kf5 43. f7 d4+ 44. Kxd4 e3 45. Kxe3 1-0

[Event "Early-Titled-Tuesday-Blitz-October-17-2023"]
[Site "Chess.com"]
[Date "2023.10.17"]
[Round "2"]
[White "SanchezKelvin"]
[Black "PeshkaCh"]
[Result "0-1"]
[WhiteElo "2568"]
[BlackElo "2818"]
[TimeControl "180+1"]
[EndTime "8:18:24 PDT"]
[Termination "PeshkaCh won by resignation"]

1. e4 e5 2. Nf3 Nc6 3. Bb5 a6 4. Ba4 Nge7 5. O-O Ng6 6. Nc3 Be7 7. Nd5 O-O 8. d3 d6 9. h3 Be6 10. c3 f5 11. exf5 Bxf5 12. Bb3 Kh8 13. Ne3 Bd7 14. Bc2 Nf4 15. d4 exd4 16. cxd4 Qe8 17. Ng4 Qh5 18. Bxf4 Rxf4 19. Ngh2 Raf8 20. Re1 Bd8 21. Re3 Qd5 22. Bb3 Qf5 23. Qd2 Qg6 24. Kh1 Nxd4 25. Bd5 Nxf3 26. Bxf3 c6 27. Rd1 d5 28. Rb3 b5 29. Rc1 Bg5 30. Qc2 Rc4 0-1

[Event "Early-Titled-Tuesday-Blitz-October-17-2023"]
[Site "Chess.com"]
[Date "2023.10.17"]
[Round "2"]
[White "ChainedDowntohell"]
[Black "sterpfi"]
[Result "1-0"]
[WhiteElo "2453"]
[BlackElo "2175"]
[TimeControl "180+1"]
[EndTime "8:18:28 PDT"]
[Termination "ChainedDowntohell won by resignation"]

1. d4 d5 2. c4 e6 3. Nc3 Nf6 4. cxd5 exd5 5. Bf4 Bd6 6. Bxd6 Qxd6 7. e3 O-O 8. Bd3 Re8 9. Qc2 c6 10. Nf3 Bg4 11. Ne5 Bh5 12. O-O Nbd7 13. f4 c5 14. h3 cxd4 15. exd4 Qb6 16. Qf2 Ne4 17. Nxe4 Nxe5 18.
dxe5 dxe4 19. Bxe4 f6 20. Qxb6 axb6 21. Bxb7 Ra7 22. Bd5+ Bf7 23. e6 Bxe6 24. Rfe1 Bxd5 25. Rxe8+ Kf7 26. Rb8 Rc7 27. Rd1 Be4 28. Rd2 Rc6 29. Rbd8 Kg6 30. R8d6 Rc1+ 31. Rd1 Rc2 32. R1d2 Rc1+ 33.
Kf2 b5 34. a3 Kf5 35. Rb6 Kxf4 36. Rxb5 Rg1 37. Kxg1 Kg3 38. Rb4 Bxg2 39. Rd3+ Bf3 1-0

[Event "Early-Titled-Tuesday-Blitz-October-17-2023"]
[Site "Chess.com"]
[Date "2023.10.17"]
[Round "2"]
[White "Mystery2007"]
[Black "whiteglovethief"]
[Result "0-1"]
[WhiteElo "2460"]
[BlackElo "2672"]
[TimeControl "180+1"]
[EndTime "8:18:29 PDT"]
[Termination "whiteglovethief won on time"]

1. e4 e6 2. Qe2 d5 3. exd5 Nf6 4. Nc3 Bd6 5. d3 O-O 6. Bg5 exd5 7. O-O-O Bb4 8. Bxf6 Qxf6 9. Nxd5 Qg5+ 10. Ne3 Nc6 11. Nf3 Qa5 12. a3 Bxa3 13. Nc4 Bxb2+ 14. Kxb2 Qb4+ 15.
Kc1 Bg4 16. Qd2 Qa4 17. Qc3 Bxf3 18. gxf3 Rfd8 19. d4 b5 20. d5 Nb4 21. Kb1 bxc4 22. Bxc4 Rab8 23. Bb3 Nxd5 24. Qb2 Qc6 25. Rhg1 Nc3+ 26.
Kc1 Qh6+ 0-1

[Event "Early-Titled-Tuesday-Blitz-October-17-2023"]
[Site "Chess.com"]
[Date "2023.10.17"]
[Round "2"]
[White "Susal_De_Silva"]
[Black "FrenchMonster2002"]
[Result "1-0"]
[WhiteElo "2667"]
[BlackElo "2449"]
[TimeControl "180+1"]
[EndTime "8:18:30 PDT"]
[Termination "Susal_De_Silva won on time"]

1. Nf3 Nf6 2. c4 g6 3. g3 Bg7 4. Bg2 O-O 5. O-O d6 6. d4 Nc6 7.
Nc3 e5 8. dxe5 Nxe5 9. Nxe5 dxe5 10. Qc2 c6 11. Rd1 Qc7 12. b3 Bf5 13. Ne4 Nxe4 14. Bxe4 Bxe4 15. Qxe4 f5 16. Qc2 e4 17. Bb2 Rad8 18.
Bxg7 Qxg7 19. c5 Qe5 20. Qc4+ Kg7 21. b4 Rd5 22. Rab1 Rfd8 23. Rxd5 Rxd5 24. e3 a6 25. a4 h5 26. h4 g5 27. hxg5 h4 28. gxh4 f4 29.
exf4 Qxf4 30. Qc3+ Kg6 31. Qg3 Qf5 32. Re1 Kh5 33.
g6 Rd8 34. Rxe4 Rd1+ 35. Kh2 Rh1+ 36. Kxh1 Qxe4+ 37. Kh2 Kh6 38. g7 1-0

[Event "Early-Titled-Tuesday-Blitz-October-17-2023"]
[Site "Chess.com"]
[Date "2023.10.17"]
[Round "2"]
[White "pineapplepenn"]
[Black "SlavenPastar"]
[Result "0-1"]
[WhiteElo "2426"]
[BlackElo "2660"]
[TimeControl "180+1"]
[EndTime "8:18:30 PDT"]
[Termination "SlavenPastar won on time"]

1. d4 b6 2. Bf4 Bb7 3. e3 Nf6 4. Nf3 e6 5. Be2 Bd6 6. Bg3 Bxg3 7. hxg3 d6 8. Nbd2 Nbd7 9. c3 Qe7 10. Qc2 e5 11. O-O-O O-O-O 12. Qa4 Kb8 13. Ba6 Ba8 14. Nc4 e4 15. Nfd2 d5 16. Na3 c6 17. Kb1 b5 18.
Nxb5 cxb5 19. Qxb5+ Nb6 20. a4 Qd7 21. c4 Qxb5 22.
Bxb5 dxc4 23. a5 Nbd5 24. Nxc4 Nc7 25. Ba4 Ng4 26. Rdf1 Bd5 27. Nd2 f5 28. b4 a6 29. Bd1 Nf6 30. f3 Ka7 31. f4 Rb8 0-1

[Event "Early-Titled-Tuesday-Blitz-October-17-2023"]
[Site "Chess.com"]
[Date "2023.10.17"]
[Round "2"]
[White "stratacticos"]
[Black "Shivananda1964"]
[Result "0-1"]
[WhiteElo "1721"]
[BlackElo "2404"]
[TimeControl "180+1"]
[EndTime "8:18:30 PDT"]
[Termination "Shivananda1964 won on time"]

1. e4 Nc6 2. f4 d5 3. exd5 Qxd5 4.
Nf3 Bg4 5. Be2 O-O-O 6. O-O Nf6 7. Nc3 Qc5+ 8. Kh1 h5 9. b4 Qxb4 10. Rb1 Qxf4 11. d3 Qd6 12. Ng5 Bxe2 13. Qxe2 Ng4 14.
Bf4 e5 15. Nxf7 exf4 16. Nxd6+ Bxd6 17. Ne4 Be5 18. Nc5 Nxh2 19. Rfd1 Ng4 20. Rxb7 Nd4 21. Qe4 Nf2+ 22. Kg1 Nxe4 23. Rxa7 c6 24. dxe4 Nb5 25.
Ra8+ Kc7 0-1

[Event "Early-Titled-Tuesday-Blitz-October-17-2023"]
[Site "Chess.com"]
[Date "2023.10.17"]
[Round "2"]
[White "Mikhail_Golubev"]
[Black "Nitzan_Steinberg"]
[Result "1/2-1/2"]
[WhiteElo "2585"]
[BlackElo "2844"]
[TimeControl "180+1"]
[EndTime "8:18:36 PDT"]
[Termination "Game drawn by repetition"]

1. e4 c5 2. Nf3 e6 3. d4 cxd4 4.
Nxd4 a6 5. Bd3 Nc6 6. Nxc6 bxc6 7. O-O d5 8. c4 Nf6 9. cxd5 cxd5 10. exd5 Nxd5 11. Be4 Rb8 12. Bxd5 Qxd5 13. Qxd5 exd5 14. Rd1 Be6 15. Nc3 Rd8 16. Be3 f6 17. Rd2 Bb4 18.
a3 Bxc3 19. bxc3 Kf7 20. Rb1 Rb8 21. Rdb2 Rxb2 22. Rxb2 Rc8 23. Rb7+ Kg6 24. Bd4 Rc6 25. f3 h5 26. h4 Bf5 27. Kf2 Bd3 28. Ke3 Bb5 29. g4 Re6+ 30. Kf4 hxg4 31. fxg4 Re4+ 32. Kg3 Be2 33. g5 Rg4+ 34. Kf2 Bc4 35. Rb6 Rf4+ 36. Kg3 Rf5 37. gxf6 gxf6 38. h5+ Kg5 39. h6 Kxh6 40.
Rxf6+ Kg5 41. Rxf5+ Kxf5 42. Kf3 Ke6 43. Ke3 Kd6 44. Kd2 Kc6 45. Kc1 Kb5 46. Kb2 Ka4 47.
Be3 Bd3 48. Bd4 Be2 49. Bf2 Kb5 50. Bd4 Kc4 51. Bf2 Bd1 52. Bd4 a5 53. Bf2 a4 54.
Bd4 Bb3 55. Bf2 Kd3 56. Bd4 Ke2 57. Bb6 Kd2 58. Bd4 Kd3 59. Bb6 Bc4 60. Bd4 Bb3 61.
Bb6 Kd2 62. Bd4 Kd3 1/2-1/2

[Event "Early-Titled-Tuesday-Blitz-October-17-2023"]
[Site "Chess.com"]
[Date "2023.10.17"]
[Round "2"]
[White "Marks1420"]
[Black "Fore_Man"]
[Result "0-1"]
[WhiteElo "2512"]
[BlackElo "2329"]
[TimeControl "180+1"]
[EndTime "8:18:36 PDT"]
[Termination "Fore_Man won by resignation"]

1. e4 c5 2. b3 Nc6 3. Bb2 e5 4. Bb5 d6 5. f4 exf4 6. Bxc6+ bxc6 7. Nf3 Nf6 8. e5 dxe5 9. Nxe5 Qc7 10. O-O Be7 11. d3 O-O 12. Nd2 Nd5 13. Ndc4 Ne3 14. Nxe3 fxe3 15. Qf3 Be6 16. Qxe3 Rae8 17. Qd2 Bd6 18. Rae1 f6 19. Nf3 Bd5 20. h3 Bg3 21.
Rxe8 Rxe8 22. Ba3 Bf4 23. Qc3 Be3+ 24. Kh1 Qg3 25. Qe1 Qb8 26. Bc1 Bxf3 27. Rxf3 Bd4 28.
Qg3 Qb4 29. Rf1 Qc3 30. Bh6 f5 31. Rxf5 Re1+ 32. Kh2 Bg1+ 33. Kh1 Bf2+ 34. Kh2 Bxg3+ 0-1

[Event "Early-Titled-Tuesday-Blitz-October-17-2023"]
[Site "Chess.com"]
[Date "2023.10.17"]
[Round "2"]
[White "TimGrutter03"]
[Black "scarabee43"]
[Result "0-1"]
[WhiteElo "2551"]
[BlackElo "2784"]
[TimeControl "180+1"]
[EndTime "8:18:37 PDT"]
[Termination "scarabee43 won by resignation"]

1. e4 c5 2. Nc3 e6 3. g3 Nc6 4. Bg2 g6 5. Nge2 Bg7 6. d4 Nxd4 7. O-O Nxe2+ 8. Qxe2 Ne7 9. e5 O-O 10. f4 d5 11. Nb5 Bd7 12. Nd6 Bc6 13. c4 Nc8 14. Nxc8 Qxc8 15. b3 dxc4 16. Bxc6 Qxc6 17. Qxc4 b5 18. Qc2 Rfc8 19. Be3 c4 20. bxc4 bxc4 21. Rfd1 Bf8 22. Rab1 Rc7 23. Qc3 Rac8 24. Rd2 Qa4 25. h4 a5 26. Qc2 Qa3 27. Re2 Bc5 28. Kf2 Bxe3+ 29. Rxe3 Qc5 30. h5 Rd7 31. Rd1 Rxd1 32. Qxd1 c3 33. hxg6 hxg6 34. Qc2 Qb6 35. Ke2 Qb5+ 36.
Kf2 Qb2 37. Qxb2 cxb2 38. Rb3 Rc2+ 39. Ke3 a4 40. Rb8+ Kg7 41. Kd3 Rg2 42. Ke4 a3 43. Kf3 Rg1 0-1

[Event "Early-Titled-Tuesday-Blitz-October-17-2023"]
[Site "Chess.com"]
[Date "2023.10.17"]
[Round "2"]
[White "samolo"]
[Black "Herman-NY"]
[Result "1-0"]
[WhiteElo "2742"]
[BlackElo "2543"]
[TimeControl "180+1"]
[EndTime "8:18:38 PDT"]
[Termination "samolo won by resignation"]

1. Nf3 Nf6 2. d3 g6 3. e4 d6 4. g3 Bg7 5. Bg2 O-O 6. O-O c5 7.
Re1 Nc6 8. c3 e5 9. a3 Ne8 10.
b4 a6 11. Nbd2 Nc7 12. Bb2 Ne6 13. h4 f5 14. Qb3 Kh8 15. exf5 gxf5 16. c4 Bf6 17. b5 Ne7 18. Re2 Rg8 19. Rae1 Ng6 20. Ng5 Nxg5 21. hxg5 Bxg5 22. f4 Bf6 23. fxe5 dxe5 24.
Nf3 e4 25. dxe4 fxe4 26. Rxe4 Bf5 27. Re7 Rf8 28. Bxf6+ Rxf6 29. Qc3 Qd6 30. Rxb7 Rf8 31. Ng5 Bg4 32. Rxh7+ Kg8 33. Bd5+ 1-0

[Event "Early-Titled-Tuesday-Blitz-October-17-2023"]
[Site "Chess.com"]
[Date "2023.10.17"]
[Round "2"]
[White "attack2mateU"]
[Black "Semetey"]
[Result "1-0"]
[WhiteElo "2726"]
[BlackElo "2537"]
[TimeControl "180+1"]
[EndTime "8:18:39 PDT"]
[Termination "attack2mateU won by checkmate"]

1. e4 a6 2. d4 b5 3. Bd3 Bb7 4. Nf3 e6 5. O-O c5 6. c3 Nf6 7. Nbd2 cxd4 8. cxd4 d5 9. e5 Ne4 10. Nb3 Be7 11. Ne1 h6 12. Qg4 g6 13. Qe2 Nd7 14. Be3 h5 15. Rc1 O-O 16. f3 Ng5 17. h4 Nh7 18. g4 Bxh4 19. f4 Kh8 20. Ng2 Be7 21. f5 gxf5 22. gxf5 Bg5 23. f6 Rg8 24. Kh1 Bxe3 25.
Qxe3 Ng5 26. Rf4 Rc8 27. Rh4 Rxc1+ 28. Nxc1 Nf8 29. Rxh5+ Nfh7 30. Bxh7 Nxh7 31. Qh6 Rxg2 32. Qxh7# 1-0

[Event "Early-Titled-Tuesday-Blitz-October-17-2023"]
[Site "Chess.com"]
[Date "2023.10.17"]
[Round "2"]
[White "pinguino120"]
[Black "slorovel"]
[Result "0-1"]
[WhiteElo "2206"]
[BlackElo "2466"]
[TimeControl "180+1"]
[EndTime "8:18:39 PDT"]
[Termination "slorovel won by checkmate"]

1. e4 b6 2. d4 Bb7 3. Bd3 e6 4.
Nf3 g6 5. h4 h6 6. Be3 Bg7 7.
Nc3 d6 8. Qd2 Ne7 9. O-O-O Nd7 10.
h5 g5 11. Nh2 a6 12. Rhe1 b5 13. f4 gxf4 14. Bxf4 Nb6 15. Nf3 b4 16. Ne2 a5 17. g4 a4 18. Qxb4 a3 19. b3 Nc6 20.
Qd2 Na5 21. g5 Bc6 22. gxh6 Bf6 23. d5 Nbc4 24. Bxc4 Nxc4 25. Qb4 Rb8 26. Qxc4 Bb5 27. Qxb5+ Rxb5 28. Ned4 Rc5 29. e5 dxe5 30. Bxe5 Bxe5 31. Rxe5 Rxd5 32. Rxd5 Qxd5 33. Nf5 Qxf5 34. Nd4 Qf4+ 35. Kb1 Qe5 36. Nc6 Qb2# 0-1

[Event "Early-Titled-Tuesday-Blitz-October-17-2023"]
[Site "Chess.com"]
[Date "2023.10.17"]
[Round "2"]
[White "MerryPoppies"]
[Black "Kotofeyca"]
[Result "0-1"]
[WhiteElo "2123"]
[BlackElo "2434"]
[TimeControl "180+1"]
[EndTime "8:18:40 PDT"]
[Termination "Kotofeyca won on time"]

1. d4 d5 2. Nf3 c6 3. c3 Bf5 4.
Bf4 Nd7 5. Nbd2 e6 6. e3 Ngf6 7. Nb3 h6 8. Bd3 Bxd3 9. Qxd3 Ne4 10. O-O Ndf6 11. Ne5 Be7 12. f3 Nd6 13. e4 dxe4 14. fxe4 Ndxe4 15. Rae1 Nd6 16. Nc5 Qb6 17. Nxf7 Kxf7 18.
Nxe6 Rhe8 19. Bxh6 Bf8 20. Ng5+ Kg8 21. Rxe8 Ndxe8 22. Qg6 Qc7 23. Ne6 Qf7 24. Qf5 gxh6 25. Rf3 Ng7 26.
Rg3 Re8 27. Nf4 Nd5 0-1

[Event "Early-Titled-Tuesday-Blitz-October-17-2023"]
[Site "Chess.com"]
[Date "2023.10.17"]
[Round "2"]
[White "kirillshevchenko"]
[Black "DonCiao"]
[Result "1-0"]
[WhiteElo "2925"]
[BlackElo "2103"]
[TimeControl "180+1"]
[EndTime "8:18:41 PDT"]
[Termination "kirillshevchenko won on time"]

1. c4 Nf6 2. Nc3 d5 3. cxd5 Nxd5 4. Qb3 Nb6 5. Nf3 Be6 6. Qc2 Nc6 7.
Ng5 Bd7 8. e3 h6 9. Nh7 e5 10.
Nxf8 Kxf8 11. Be2 Qg5 12. O-O Bf5 13. Qb3 Be6 14. Qb5 a6 15. Qc5+ Kg8 16. Bf3 Nd7 17. Qa3 f5 18. d3 Kh7 19. Nd5 e4 20. dxe4 fxe4 21. Bxe4+ Bf5 22. Qd3 Bxe4 23. Qxe4+ g6 24. Nxc7 Nf6 25. Qc4 Ne5 26. Qf4 Qxf4 27. exf4 Nd3 28.
Nxa8 Rxa8 29. Rd1 Re8 30. Be3 Nxb2 31. Rdb1 Nc4 32. Rxb7+ Kg8 33. Bd4 Nd5 34. g3 Nd2 35. Kg2 g5 36. fxg5 hxg5 37. Rg7+ Kf8 38. Rxg5 Nb4 39.
Bc5+ 1-0

[Event "Early-Titled-Tuesday-Blitz-October-17-2023"]
[Site "Chess.com"]
[Date "2023.10.17"]
[Round "2"]
[White "Nekoo04"]
[Black "Aslanov_Umid"]
[Result "0-1"]
[WhiteElo "2266"]
[BlackElo "2504"]
[TimeControl "180+1"]
[EndTime "8:18:44 PDT"]
[Termination "Aslanov_Umid won by resignation"]

1. d4 d5 2. c4 e6 3. Nf3 Nf6 4. g3 Bb4+ 5. Bd2 Be7 6. Bg2 O-O 7.
O-O c6 8. Qc2 b6 9. Bf4 Bb7 10. Nbd2 Nbd7 11. e4 Rc8 12. Rfd1 c5 13.
exd5 exd5 14. Qf5 g6 15. Qh3 dxc4 16. Nxc4 cxd4 17. Nd6 Bxf3 18. Bxf3 Rc2 19. Rxd4 Bxd6 20. Rxd6 Qe7 21. Rad1 Ne5 22. Bg2 Nc4 23. R6d4 Qe2 24.
Rf1 Nxb2 25. Qh4 Nh5 26. Bh6 Re8 27. Rd8 Rc8 28. Bf3 Qxf3 29. Qd4 Qf6 30. Rxe8+ Rxe8 31. Qd2 Nc4 32. Qc2 Ne5 33. f4 Ng4 34. Bg5 Qd4+ 35.
Kh1 Ne3 0-1

[Event "Early-Titled-Tuesday-Blitz-October-17-2023"]
[Site "Chess.com"]
[Date "2023.10.17"]
[Round "2"]
[White "zsoltkorpics"]
[Black "Khromkin"]
[Result "1-0"]
[WhiteElo "2341"]
[BlackElo "2514"]
[TimeControl "180+1"]
[EndTime "8:18:47 PDT"]
[Termination "zsoltkorpics won by resignation"]

1. e4 c5 2. Nf3 Nc6 3. d4 cxd4 4.
Nxd4 g6 5. Nc3 Bg7 6. Be3 Nf6 7. Bc4 O-O 8. Bb3 a5 9. O-O a4 10. Nxa4 Nxe4 11. Nb5 d5 12. c3 e6 13. Nc5 Ra5 14. a4 Nd6 15. Qe2 Ne5 16. Bd4 Nec4 17. Bxg7 Kxg7 18.
Bxc4 Nxc4 19. b4 Ra8 20. a5 Qe7 21. Rad1 Rd8 22. f4 Bd7 23. Nd4 e5 24. fxe5 Qxe5 25. Qxe5+ Nxe5 26. Rde1 Nc6 27. Nxc6 Bxc6 28. Re7 Be8 29.
Ne6+ Kg8 30. Nxd8 Rxd8 31. Rxb7 d4 32. cxd4 Rxd4 33. Rb8 Kf8 34. Re1 Kg7 35. Rbxe8 Rxb4 36. Ra1 Rb7 37. a6 Ra7 38. Rb8 1-0

[Event "Early-Titled-Tuesday-Blitz-October-17-2023"]
[Site "Chess.com"]
[Date "2023.10.17"]
[Round "2"]
[White "Lion_DL"]
[Black "Ishowmoves57"]
[Result "1/2-1/2"]
[WhiteElo "2473"]
[BlackElo "2224"]
[TimeControl "180+1"]
[EndTime "8:18:47 PDT"]
[Termination "Game drawn by repetition"]

1. d4 Nf6 2. c4 e6 3. Nf3 d5 4.
Nc3 Bb4 5. Qb3 c5 6. dxc5 Bxc3+ 7. Qxc3 O-O 8. Bg5 Nbd7 9. e3 Qc7 10. cxd5 Nxd5 11. Qc2 Qxc5 12. Bd3 Qxc2 13. Bxc2 f6 14. Bh4 N7b6 15. O-O Bd7 16. Rac1 Rac8 17. Bb3 Rxc1 18. Rxc1 Rc8 19. Rxc8+ Bxc8 20. Nd4 Kf7 21. Nb5 Ke7 22. Bg3 e5 23. Kf1 a6 24. Na3 Bd7 25. Ke1 Kd6 26.
Kd2 Kc5 27. Nc2 Nb4 28. Nxb4 Kxb4 29. e4 Nc4+ 30. Bxc4 Kxc4 31. f3 b5 32. Bf2 b4 33.
b3+ Kb5 34. Kd3 g6 35. Ba7 Kc6 36. Kc4 a5 37. Be3 Be6+ 38. Kd3 f5 39. Bh6 fxe4+ 40.
Kxe4 Bf5+ 41. Kxe5 Bb1 42. Kd4 Bxa2 43. Kc4 a4 44.
Kxb4 axb3 45. Bg7 Kd5 46. Kc3 Kc5 47. g4 Kd5 48. h4 Kc5 49. f4 Kd5 50. f5 gxf5 51.
gxf5 Bb1 52. f6 Ke6 53. Kxb3 Kf7 54. Kc3 Bf5 55. Kd4 Bg6 56. Ke5 Bb1 57. Kf4 Bc2 58. Kg5 Bb1 59. Kh6 Bc2 60. h5 Bb1 61. Kg5 Bc2 62. Kf4 Bb1 63. Kg5 Bc2 64. Kf4 Bb1 65. Kg5 1/2-1/2

[Event "Early-Titled-Tuesday-Blitz-October-17-2023"]
[Site "Chess.com"]
[Date "2023.10.17"]
[Round "2"]
[White "secretsuperstar7"]
[Black "dontcatchmeifyoucant"]
[Result "1/2-1/2"]
[WhiteElo "2449"]
[BlackElo "2270"]
[TimeControl "180+1"]
[EndTime "8:18:47 PDT"]
[Termination "Game drawn by repetition"]

1. c4 e5 2. Nc3 Nf6 3. g3 Bb4 4.
Bg2 O-O 5. Nf3 Nc6 6. O-O Re8 7.
a3 Bxc3 8. dxc3 e4 9. Nd4 Ne5 10. b3 d6 11. Qc2 c5 12. Bg5 cxd4 13. cxd4 Nc6 14. Rad1 h6 15. Bc1 d5 16. f3 Bf5 17.
Qb2 exf3 18. exf3 Rc8 19. g4 Bg6 20. Bh3 Ra8 21. Kh1 Qb6 22. Qc3 Na5 23. c5 Qc7 24.
Bd2 Nc6 25. b4 a6 26. a4 Re2 27. Bg2 Rae8 28. b5 axb5 29. axb5 Rxg2 30. Kxg2 Re2+ 31. Rf2 Rxf2+ 32. Kxf2 Qxh2+ 33. Kf1 Nb4 34. Be1 Bc2 35.
Rd2 Qh1+ 36. Kf2 Nd3+ 37. Rxd3 Bxd3 38. Qxd3 h5 39. g5 Qh2+ 40. Kf1 Qh1+ 41. Kf2 Qh2+ 42. Kf1 Qh1+ 43. Kf2 1/2-1/2